 Dungeon Crawl Stone Soup version 0.31-a0-152-g6aa68a64a1 (webtiles) character file.

Game seed: 15997235896732688442

16 qw the Shooter (level 2, -2/26 HPs)
             Began as a Naga Hunter on June 11, 2023.
             Slain by a kobold
             ... wielding a +0 short sword
              (3 damage)
             ... on level 1 of the Dungeon.
             The game lasted 00:00:08 (263 turns).

qw the Shooter (Naga Hunter)                         Turns: 263, Time: 00:00:09

Health: -2/26      AC:  2    Str: 13    XL:     2   Next: 58%
Magic:  2/2        EV:  9    Int:  9    God:
Gold:   7          SH:  0    Dex: 14    Spells: 1/1 levels left

rFire   . . .        a - +0 shortbow
rCold   . . .        (shield currently unavailable)
rNeg    . . .        c - +0 leather armour
rPois   +            (no helmet)
rElec   .            (no cloak)
rCorr   .            (no gloves)
SInv    +            (no barding)
Will    .....        (no amulet)
Stlth   ++           (no ring)
HPRegen 0.24/turn    (no ring)
MPRegen 0.08/turn

%: no passive effects
@: short of breath, very slow
A: AC +0, large, see invisible, deformed body, poison resistance, slowness 2,
spit poison 1, naga tail 1
a: Spit Poison


You were on level 1 of the Dungeon.
You visited 1 branch of the dungeon, and saw 1 of its levels.

You collected 7 gold pieces.


Innate Abilities, Weirdness & Mutations

Your serpentine skin is tough. (AC +0)
You have supernaturally acute eyesight. (SInv)
Armour fits poorly on your strangely shaped body.
Your system is resistant to poisons. (rPois)
You cover ground very slowly.
You can spit poison.
You have a snake-like lower body.


   Skills:
 - Level 2.0 Fighting
 + Level 4.2 Ranged Weapons
 - Level 1.5 Dodging
 - Level 1.5 Stealth


You had one spell level left.
You didn't know any spells.
Your spell library was empty.

Inventory:

Hand Weapons
 a - a +0 shortbow (weapon)
Armour
 c - a +0 leather armour (worn)
Scrolls
 b - a scroll of butterflies

Dungeon Overview and Level Annotations

Branches:
Dungeon (1/15)

Altars:


Message History

You shoot an arrow. The arrow barely misses the kobold.
The kobold shouts!
The kobold barely misses you.
You shoot an arrow. The arrow completely misses the kobold.
You have got your breath back.
The kobold hits you with a +0 dagger.
256 ||| INVOKING Spit Poison.
Aiming: Spit Poison (2% risk of failure)
Press: ? - help, Shift-Dir - straight line, f/p - kobold The splash of poison hits the kobold.
The kobold is poisoned.
The kobold is heavily wounded.
The kobold hits you with a +0 dagger.
The kobold throws a stone.
The stone hits you but does no damage.
You shoot an arrow.
The arrow hits the kobold but does no damage.
The kobold is severely wounded.
The kobold hits you but does no damage.
You shoot an arrow. The arrow barely misses the kobold.
The kobold hits you but does no damage.
The kobold hits you with a +0 short sword. x2
The kobold closely misses you.
You shoot an arrow.
The arrow hits the kobold but does no damage.
The kobold is severely wounded.
The kobold hits you with a +0 dagger. The kobold hits you but does no damage.
You shoot an arrow. The arrow barely misses the kobold.
The kobold hits you with a +0 dagger.
The kobold hits you with a +0 short sword.
You shoot an arrow. The arrow hits the kobold.
You kill the kobold!
You have got your breath back.
The kobold hits you but does no damage.
262 ||| INVOKING Spit Poison.
Aiming: Spit Poison (2% risk of failure)
Press: ? - help, Shift-Dir - straight line, f - kobold The splash of poison misses the kobold.
The kobold hits you with a +0 short sword.
You shoot an arrow. The arrow closely misses the kobold.
The kobold hits you with a +0 short sword.
You die...

##############
#....>.......##
#.####........#
#.#####..######### #.#
#............
#@####.........#..
#.K)........##...##.
#..)........####......
#........###### ##.#.###
##..#.##.########..#.#..
#..#. ...........###.#
#. #. #########....... #
#. #..###.#
######..#...#


You could see a kobold.

Vanquished Creatures
  A ball python (D:1)
  An endoplasm (D:1)
  3 goblins (D:1)
  3 hobgoblins (D:1)
  A bat (D:1)
  A frilled lizard (D:1)
  3 kobolds (D:1)
  2 rats (D:1)
15 creatures vanquished.

Notes
Turn   | Place    | Note
-------+----------+-------------------------------------------
     0 | D:1      | qw the Naga Hunter began the quest for the Orb.
     0 | D:1      | Reached XP level 1. HP: 19/19 MP: 1/1
     0 | D:1      | 0 ||| qw: Version: 0.2-a-29-gdad1ea2
     0 | D:1      | 0 ||| qw: Game counter: 4049
     0 | D:1      | 0 ||| qw: Always use a shield: true
     0 | D:1      | 0 ||| qw: God list: Okawaru
     0 | D:1      | 0 ||| qw: Allow faded altars: false
     0 | D:1      | 0 ||| qw: Do Orc after D:15 true
     0 | D:1      | 0 ||| qw: Do second Lair branch before Depths: true
     0 | D:1      | 0 ||| qw: Lair rune preference: random
     0 | D:1      | 0 ||| qw: Plans: Normal
     0 | D:1      | 0 ||| PLANNING D:1-11
    17 | D:1      | 17 ||| INVOKING Spit Poison.
    28 | D:1      | 28 ||| INVOKING Spit Poison.
    38 | D:1      | 38 ||| INVOKING Spit Poison.
    45 | D:1      | 45 ||| INVOKING Spit Poison.
    66 | D:1      | 66 ||| INVOKING Spit Poison.
    78 | D:1      | 78 ||| INVOKING Spit Poison.
    79 | D:1      | Reached skill level 4 in Ranged Weapons
    79 | D:1      | Reached XP level 2. HP: 26/26 MP: 2/2
    98 | D:1      | 98 ||| INVOKING Spit Poison.
   107 | D:1      | 107 ||| INVOKING Spit Poison.
   128 | D:1      | 128 ||| INVOKING Spit Poison.
   133 | D:1      | 133 ||| INVOKING Spit Poison.
   248 | D:1      | 248 ||| INVOKING Spit Poison.
   252 | D:1      | 252 ||| INVOKING Spit Poison.
   256 | D:1      | 256 ||| INVOKING Spit Poison.
   260 | D:1      | HP: 5/26 [kobold/+0 short sword (4)]
   262 | D:1      | 262 ||| INVOKING Spit Poison.
   262 | D:1      | HP: 1/26 [kobold/+0 short sword (4)]
   263 | D:1      | Slain by a kobold

Levels and vault maps discovered:
D:1:      wander_arrival_peaceful_grave, layout_loops_ring,
          minmay_misc_feat_roman

Skill      XL: |  1 |
---------------+----+-----
Ranged Weapons | 4 |  4.2
Fighting       | |  2.0
Dodging        | |  1.5
Stealth        | |  1.5

Action                     || total
---------------------------++-------
   Fire: Shortbow          ||    30
Ability: Spit Poison       ||    14
 Armour: Leather armour    ||     5
  Dodge: Dodged            ||     3

Table legend:
 A = Non-vault XP
 B = Vault XP
 C = Vault XP percentage of total XP
 D = Non-vault monster count
 E = Vault monster count
 F = Vault count percentage of total count
                 A         B        C        D         E       F
            +---------+---------+-------+---------+---------+-------
      Total |      24 |       0 |   0.0 |      15 |       0 |   0.0
            +---------+---------+-------+---------+---------+-------
        D:1 |      24 |       0 |   0.0 |      15 |       0 |   0.0
            +---------+---------+-------+---------+---------+-------
